 Dungeon Crawl Stone Soup version 0.29-a0-509-g793eeb5391 (webtiles) character file.

Game seed: 11194597357250789423

370 Conn the Firebug (level 6, -4/36 HPs)
             Began as an Octopode Fire Elementalist on May 17, 2022.
             Slain by Opifex's ghost (16 damage)
             ... on level 3 of the Dungeon on May 29, 2022.
             The game lasted 00:10:14 (2336 turns).

Conn the Firebug (Octopode Fire Elementalist)       Turns: 2336, Time: 00:10:16

Health: -4/36      AC:  1    Str:  7    XL:     6   Next: 70%
Magic:  0/11       EV: 13    Int: 20    God:
Gold:   136        SH:  0    Dex: 12    Spells: 2/11 levels left

rFire   . . .      SeeInvis +   i - +2 whip "Otuigg" {spect, +Blink rCorr}
rCold   . . .      Faith    .   (no shield)
rNeg    . . .      Spirit   .   (helmet restricted)
rPois   .          Reflect  .   p - amulet of regeneration
rElec   .          Harm     .   k - ring of see invisible
rCorr   +          Rampage  .   (no ring)
Will    .....                   (no ring)
Stlth   +++.......              (no ring)
HPRegen 0.92/turn               (no ring)
MPRegen 0.12/turn               (no ring)
                                (no ring)
                                (no ring)

@: no status effects
A: almost no armour, amphibious, 8 rings, camouflage 1, gelatinous body 1,
(nimble swimmer 1), tentacles
a: Evoke Blink


You were on level 3 of the Dungeon.
You visited 1 branch of the dungeon, and saw 3 of its levels.

You collected 136 gold pieces.

Inventory:

Hand Weapons
 f - a +0 dagger
 i - the +2 whip "Otuigg" (weapon) {spect, +Blink rCorr}
   (You found it on level 2 of the Dungeon)

   When its wielder attacks, the weapon's spirit leaps out and strikes again.
   The spirit shares a part of any damage it takes with its wielder.
   +Blink:    It lets you blink.
   rCorr:     It protects you from acid and corrosion.
 m - a +1 dagger of venom
Missiles
 n - 4 poisoned darts
Jewellery
 k - a ring of see invisible (left tentacle)
 p - an amulet of regeneration (around mantle)
Scrolls
 b - 2 scrolls of noise {unknown}
 c - a scroll of blinking {unknown}
 d - 2 scrolls of enchant armour {unknown}
 e - 4 scrolls of identify {unknown}
Potions
 g - a potion of mutation {unknown}
 h - a potion of degeneration {unknown}
 j - a potion of heal wounds {unknown}
 l - a potion of curing {unknown}
 o - a potion of berserk rage {unknown}


   Skills:
 + Level 0.2 Fighting
 + Level 1.0 Short Blades
 + Level 2.2 Dodging
 + Level 4.3 Stealth
 * Level 3.4 Spellcasting
 * Level 3.0 Conjurations
 + Level 4.4 Fire Magic
 * Level 1.8 Evocations


You had 2 spell levels left.
You knew the following spells:

 Your Spells              Type           Power      Damage    Failure   Level
a - Foxfire               Conj/Fire      72%        2x1d7     3%          1
b - Conjure Flame         Conj/Fire      18%        6-21      9%          3
c - Inner Flame           Hex/Fire       12%        N/A       16%         3
f - Scorch                Fire           42%        2d7       3%          2

Your spell library contained the following spells:

 Spells                   Type           Power      Damage    Failure   Level
 Freeze                   Ice            12%        1d4       14%         1
 Flame Wave               Conj/Fire      18%        2d6       28%         4
 Frozen Ramparts          Ice            6%         1d2       38%         3
 Hailstorm                Conj/Ice       9%         3d4       58%         4


Dungeon Overview and Level Annotations

Branches:
Dungeon (3/15)

Altars:

Annotations:
D:3 Opifex's ghost, amateur FoFi


Innate Abilities, Weirdness & Mutations

You cannot wear most types of armour.
You are amphibious.
You can wear up to eight rings at the same time.
Your skin changes colour to match your surroundings (Stealth+).
Your rubbery body absorbs attacks. (AC +1, EV +1)
((You are camouflaged when in or above water. (Stealth+)))
You have tentacles for arms and can constrict up to eight enemies at once.


Message History

Confirm with . or Enter, or press ? or * to list all spells.
Flames lash Opifex's ghost.
Opifex's ghost is burned terribly!
Opifex's ghost is heavily damaged.
The ball python simulacrum bites you. The ball python simulacrum freezes you.
The ball python simulacrum constricts you.
Opifex's ghost barely misses you.
Casting: Scorch (safe; 3% risk of failure)
Confirm with . or Enter, or press ? or * to list all spells.
Flames lash the ball python simulacrum.
The ball python simulacrum melts!
The ball python simulacrum vaporises!
Opifex's ghost closely misses you.
Unknown command.
Casting: Scorch (safe; 3% risk of failure)
Confirm with . or Enter, or press ? or * to list all spells.
Flames lash Opifex's ghost.
Opifex's ghost is burned terribly!
Opifex's ghost is almost destroyed.
Opifex's ghost hits you.
Your magical contamination has completely faded away.
Unknown command.
Casting: Scorch (safe; 3% risk of failure)
Confirm with . or Enter, or press ? or * to list all spells.
Flames lash the hound simulacrum.
The hound simulacrum melts!
The hound simulacrum is severely damaged.
The hound simulacrum's fire resistance burns away.
Opifex's ghost hits you.
Unknown command.
Saving game... please wait.
Level annotation: Opifex's ghost, amateur FoFi Welcome back, Conn the Octopode Fire Elementalist.
Press ? for a list of commands and other information.
Okay, then.
Okay, then.
You aren't carrying any items that you can evoke.
Okay, then.
You barely miss the hound simulacrum. Your grab misses the hound simulacrum.
The hound simulacrum is severely damaged.
Your +2 whip "Otuigg" {spect, +Blink rCorr} hits the hound simulacrum.
The hound simulacrum vaporises!
Opifex's ghost hits you!
You die...

# ..## .## ..?.# ..##
#....##..# .#.#
#....#.. .#?## #....#..
## .#.. #...'.## #.#
.... #...☼(.###.# .#.##
#...W@#.#.# .#.#..
#...#.....# .#.#..#
#....#..##.#
...#...###....##.###.##
<#)##.......###.......#
.#..###.Z.###...####..#
.##...#####...## #..#
.###.........#######..#
># #...##..........#..#


You could see Opifex's ghost (combustible) and a friendly +2 whip "Otuigg"
{spect, +Blink rCorr} (summoned).

Vanquished Creatures
  Sigmund (D:2)
  Terence (D:2)
  Natasha (thrice) (D:2)
  3 gnolls (D:3)
  2 hound simulacra (D:3)
  An adder (D:2)
  2 white imps (D:3)
  A worm (D:2)
  A dart slug (D:2)
  9 ball pythons
  2 endoplasms
  3 giant cockroaches (D:1)
  2 goblins
  3 hobgoblins
  3 jackals (D:1)
  2 quokkas
  A ball python simulacrum (D:3)
  3 bats
  2 frilled lizards (D:1)
  3 kobolds (D:1)
  2 rats (D:1)
50 creatures vanquished.

Vanquished Creatures (collateral kills)
  A foxfire (D:1)
1 creature vanquished.

Vanquished Creatures (others)
  110 foxfires
  3 plants (D:1)
113 creatures vanquished.

Grand Total: 164 creatures vanquished

Notes
Turn   | Place    | Note
-------+----------+-------------------------------------------
     0 | D:1      | Conn the Octopode Fire Elementalist began the quest for the
                  | Orb.
     0 | D:1      | Reached XP level 1. HP: 11/11 MP: 3/3
    80 | D:1      | Found a faded altar of an unknown god.
   320 | D:1      | Reached XP level 2. HP: 17/17 MP: 0/5
   948 | D:1      | Reached XP level 3. HP: 12/21 MP: 0/6
  1182 | D:2      | Noticed Sigmund
  1194 | D:2      | Identified the +2 whip "Otuigg" {spect, +Blink rCorr}
  1340 | D:2      | Killed Sigmund
  1341 | D:2      | Reached skill level 1 in Evocations
  1341 | D:2      | Reached XP level 4. HP: 27/27 MP: 1/8
  1341 | D:2      | Reached XP level 5. HP: 31/31 MP: 1/9
  1426 | D:2      | Noticed Natasha
  1432 | D:2      | Killed Natasha
  1433 | D:2      | Reached XP level 6. HP: 36/36 MP: 5/10
  1433 | D:2      | Noticed Natasha
  1438 | D:2      | Killed Natasha
  1565 | D:2      | Noticed Natasha
  1570 | D:2      | Killed Natasha
  1611 | D:2      | Reached skill level 1 in Short Blades
  1741 | D:2      | Noticed Terence
  1752 | D:2      | Learned a level 3 spell: Conjure Flame
  1756 | D:2      | Learned a level 3 spell: Inner Flame
  1759 | D:2      | Learned a level 2 spell: Scorch
  1767 | D:2      | Killed Terence
  2315 | D:3      | Found a runed translucent gate.
  2315 | D:3      | Found a runed translucent gate.
  2318 | D:3      | Found a runed translucent gate.
  2323 | D:3      | Noticed Opifex's ghost (amateur FoFi)
  2336 | D:3      | Upgraded the game from 0.29-a0-418-gc0181ea820 to
                  | 0.29-a0-509-g793eeb5391
  2336 | D:3      | Slain by Opifex's ghost

Illustrated notes

Levels and vault maps discovered:
D:1:      eino_arrival_druids_welcome, layout_loops_cross,
          basic_ecumenical_altar, minmay_shallow_snake_nest
D:2:      layout_rooms, uniq_terence, uniq_natasha, uniq_sigmund
D:3:      layout_loops_ring, ashenzari_altar_1, gammafunk_ghost_icy,
          minmay_fractal_squares_diagonal_5

Skill      XL: |  1  2  3  4  5  6 |
---------------+-------------------+-----
Stealth        | 3 4 |  4.3
Spellcasting   | 3 |  3.4
Conjurations   | 2 3 |  3.0
Evocations     | 1 |  1.8
Fire Magic     | 4 |  4.4
Short Blades   | 1 |  1.0
Fighting       | |  0.2
Dodging        | |  2.2

Action                   |  1- 3 |  4- 6 || total
-------------------------+-------+-------++-------
Melee: Constrict         |     5 |     1 ||     6
       Unarmed           |     3 |       ||     3
       Punch             |     1 |       ||     1
       Dagger            |    17 |       ||    17
       Tentacles         |     3 |     3 ||     6
       Whip              |       |     8 ||     8
 Cast: Foxfire           |    38 |    29 ||    67
       Scorch            |       |    18 ||    18
       Conjure Flame     |       |     1 ||     1
  Use: Potion            |       |     1 ||     1
 Stab: Sleeping          |     5 |       ||     5
Armor: Skin              |     6 |       ||     6
Dodge: Dodged            |    16 |    10 ||    26

Table legend: (Time is in decaauts)
 A = Elapsed time spent in this place.
 B = Non-inter-level travel time spent in this place.
 C = Inter-level travel time spent in this place.
 D = Time resting spent in this place.
 E = Time spent auto-exploring this place.
 F = Levels seen in this place.
 G = Mean time per level.
                   A        B        C        D        E       F      G
               +--------+--------+--------+--------+--------+-----+--------+
         Total |   2336 |   2294 |     42 |     85 |   1633 |   3 |  778.7 |
       Dungeon |   2336 |   2294 |     42 |     85 |   1633 |   3 |  778.7 |
               +--------+--------+--------+--------+--------+-----+--------+

Top non-repeatable levels by time:
     D:1: 1260 daAuts
     D:2: 790 daAuts
     D:3: 286 daAuts
